[Event "Team 45 45 League T30"]
[Site "Internet Chess Club"]
[Date "2006.03.30"]
[Round "2"]
[White "smcintyr11"]
[Black "jerry813"]
[Result "1-0"]
[WhiteElo "1116"]
[BlackElo "1106"]
[TimeControl "2700+45"]

1. e4 Nc6 2. d4 Nf6 3. Nc3 d5 4. exd5 Nxd5 5. Nf3 Bg4 6. Be2 h6 7. O-O Ncb4 8.
Bd2 Bf5 9. Nxd5 Nxd5 10. c4 Nf6 11. Bb4 e6 12. Bxf8 Rxf8 13. Re1 Qd6 14. Ne5
O-O-O 15. Bg4 Nxg4 16. Nxg4 Qxd4 17. Qxd4 Rxd4 18. Ne5 f6 19. Nf3 Rxc4 20. b3
Rc2 21. Nd4 Rd2 22. Nxe6 Re8 23. Nxg7 Rxe1+ 24. Rxe1 Bc2 25. f3 a5 26. Re6 Rd1+
27. Kf2 f5 28. Rxh6 Ra1 29. g4 f4 30. Ne6 Rxa2 31. g5 Bxb3+ 32. Kg1 a4 33. Nxf4
a3 34. Rh8+ Kd7 35. Ra8 Ra1+ 36. Kg2 a2 37. g6 Rc1 38. Rxa2 Bxa2 39. g7 b5 40.
h4 Bg8 41. h5 b4 42. Nd3 Rc2+ 43. Kg3 b3 44. h6 Rd2 45. Nc5+ Kd6 46. Nxb3 Bxb3
47. h7 c5 48. h8=Q Rc2 49. Qb8+ Kd5 50. Qxb3+ {Black resigns} 1-0  aics%

[Event "Team 45 45 League T30"]
[Site "Internet Chess Club"]
[Date "2006.03.30"]
[Round "2"]
[White "BrerRabbit"]
[Black "Justme"]
[Result "0-1"]
[WhiteElo "1409"]
[BlackElo "1403"]
[TimeControl "2700+45"]

1. d4 d5 2. c4 c6 3. Nf3 h6 4. e3 Nf6 5. Bd3 Na6 6. a3 Bg4 7. Qb3 b6 8. Ne5 Qc7
9. Nxg4 Nxg4 10. h3 Nf6 11. Qa4 Qc8 12. O-O e6 13. Nd2 Bd6 14. Nf3 O-O 15. b4 c5
16. bxc5 bxc5 17. Bb2 Nc7 18. Rab1 Ne4 19. Qc2 f5 20. Ne5 Qe8 21. Ba1 Qh5 22.
cxd5 Bxe5 23. dxe5 Nxd5 24. Bxe4 Rad8 25. Bxd5 Rxd5 26. Rb7 Rfd8 27. f3 Qg5 28.
Re1 Rd2 29. Qxd2 Rxd2 30. g4 Qh4 {White resigns} 0-1  aics%

[Event "Team 45 45 League T30"]
[Site "Internet Chess Club"]
[Date "2006.03.29"]
[Round "2"]
[White "grapes"]
[Black "t-hobbes"]
[Result "0-1"]
[WhiteElo "1331"]
[BlackElo "1299"]
[TimeControl "2700+45"]

1. e4 e5 2. Nf3 Nc6 3. Bc4 h6 4. O-O Nf6 5. Nc3 Bc5 6. d3 O-O 7. a3 Re8 8. b4
Bd6 9. Bb2 Nd4 10. Nxd4 exd4 11. Nb5 Be5 12. Nxd4 d5 13. exd5 Nxd5 14. c3 Qd6
15. Nf3 Bxc3 16. Bxc3 Nxc3 17. Qb3 Ne2+ 18. Kh1 Be6 19. Rfe1 Nf4 20. Rad1 b5 21.
Bxe6 Nxe6 22. g3 Qc6 23. d4 Ng5 24. d5 Qf6 25. Nxg5 hxg5 26. Kg2 g6 27. Qc2 Re7
28. Qc6 Qxc6 29. dxc6 Rae8 30. Rxe7 Rxe7 31. Rd5 Re6 32. Rxg5 Rxc6 33. Rxb5 Kf8
34. Rb7 a6 35. b5 axb5 36. Rxb5 Ke8 37. Rd5 Ra6 38. Rd3 c5 39. h4 Ke7 40. Kh3
Kf6 41. Kg4 Ke5 42. f3 c4 43. Rc3 Kd4 44. Rc1 Rxa3 45. Kg5 Rxf3 46. g4 c3 47.
Ra1 c2 48. Ra4+ Ke3 49. Ra3+ Kd2 50. Rxf3 c1=Q 51. Rxf7 Qc2 52. Rf6 Ke3 53. Rxg6
Qc5+ 54. Kf6 Kf4 55. h5 Qf8+ 56. Ke6 Qe8+ 57. Kf6 Qh8+ 58. Ke6 Qh7 59. Kf6 Kg3
60. Kg5 Kh3 61. h6 Qh8 62. Kh5 Kg3 63. Rg7 Kf4 64. g5 Qe8+ 65. Kh4 Qe6 66. Kh5
Qg4+ 67. Kg6 Qxg5+ 68. Kh7 Qf6 69. Rg6 Qe5 70. Kg8 Qe8+ 71. Kg7 Kf5 72. Rf6+ Kg5
73. h7 Qe7+ 74. Rf7 Qe5+ 75. Kg8 Kg6 76. h8=Q Qe8+ 77. Rf8 Qe6+ 78. Rf7 Qxf7#
{White checkmated} 0-1  aics%

[Event "Team 45 45 League T30"]
[Site "Internet Chess Club"]
[Date "2006.04.02"]
[Round "2"]
[White "Rubacchus"]
[Black "Prop"]
[Result "1/2-1/2"]
[WhiteElo "1284"]
[BlackElo "1215"]
[TimeControl "2700+45"]

1. Nf3 d5 2. b3 Nf6 3. Bb2 Nc6 4. g3 Bg4 5. Bg2 e6 6. d3 Bd6 7. O-O O-O 8. Nbd2
e5 9. c4 d4 10. Qc1 Qe7 11. a3 e4 12. dxe4 Nxe4 13. Nxd4 Nxd2 14. Qxd2 Nxd4 15.
Qxd4 Be5 16. Qxg4 Bxb2 17. Rad1 Rad8 18. Bxb7 Bxa3 19. Bd5 Qf6 20. Qf3 Be7 21.
Kg2 Qxf3+ 22. Kxf3 Rb8 23. Rd3 Rb6 24. Ra1 a6 25. Kg2 c6 26. Bf3 c5 27. Bd5 Bf6
28. e3 Bxa1 29. e4 Rfb8 30. Rf3 Rf6 31. Rd3 Bd4 32. f4 Rfb6 33. f5 Rxb3 34. Rxb3
Rxb3 35. Bb7 Rxb7 36. Kh3 Re7 37. e5 Rxe5 38. g4 Re3+ 39. Kh4 Re2 40. g5 Rxh2+
41. Kg3 Rc2 42. Kf4 Rxc4 43. f6 Bxf6+ 44. Kf5 Bb2 45. g6 hxg6+ 46. Kg5 a5 {White
stalemated} 1/2-1/2  aics%

[Event "Team 45 45 League T30"]
[Site "Internet Chess Club"]
[Date "2006.04.01"]
[Round "2"]
[White "JustinZ"]
[Black "AtomicDog"]
[Result "1-0"]
[WhiteElo "1236"]
[BlackElo "1103"]
[TimeControl "2700+45"]

1. e4 c5 2. d4 cxd4 3. c3 dxc3 4. Nxc3 e6 5. Bc4 Bc5 6. Nf3 Ne7 7. Bg5 O-O 8.
O-O Nbc6 9. Qe2 d6 10. Rfd1 h6 11. Bf4 Ng6 12. Bg3 Qc7 13. Nb5 Qd7 14. Nxd6 Bxd6
15. Bxd6 Re8 16. e5 b6 17. Rac1 Nf4 18. Qe4 g5 19. Bb5 f5 20. exf6 Bb7 21. Bxf4
Qxd1+ 22. Rxd1 gxf4 23. Bxc6 Bxc6 24. Qxc6 Rec8 25. Qxe6+ Kf8 26. Qe7+ {Black
resigns} 1-0  aics%

[Event "Team 45 45 League T30"]
[Site "Internet Chess Club"]
[Date "2006.03.31"]
[Round "2"]
[White "MoluscoGrotesco"]
[Black "qs16"]
[Result "1-0"]
[WhiteElo "1855"]
[BlackElo "1719"]
[TimeControl "2700+45"]

1. c4 c5 2. Nc3 Nc6 3. g3 g6 4. Bg2 Bg7 5. Nf3 Nf6 6. O-O O-O 7. d3 d6 8. a3 a6
9. e4 e5 10. h3 Be6 11. Ng5 Qd7 12. Na4 Rab8 13. Nb6 Qc7 14. Nd5 Bxd5 15. cxd5
Nd4 16. Nf3 Rbc8 17. Nxd4 cxd4 18. f4 Qc2 19. fxe5 dxe5 20. Bg5 Nh5 21. g4 Nf4
22. Bxf4 exf4 23. Rxf4 Qxb2 24. Rf2 Qb6 25. Rb1 Qc7 26. Qb3 b5 27. Rbf1 Be5 28.
Kh1 Qc3 29. Rb2 Qxb3 30. Rxb3 Rc2 31. a4 bxa4 32. Ra3 Rb8 33. Rxa4 Rbb2 34. Bf3
Rh2+ 35. Kg1 Rxh3 36. Rf2 Rb1+ 37. Rf1 Rxf1+ 38. Kxf1 Rxf3+ 39. Ke2 Re3+ 40. Kd2
Bf4 41. Kc2 Re2+ 42. Kb3 a5 43. Rxa5 h5 44. gxh5 gxh5 45. d6 Bxd6 46. Rxh5 f6
47. Rf5 Be5 48. Rf3 Kf7 49. Kc4 Re3 50. Rf1 Ke6 51. Ra1 Re2 52. Ra6+ Kf7 53. Ra1
Ra2 54. Rxa2 Kg6 55. Kd5 Kg5 56. Rf2 Kg6 57. Rf5 {Black resigns} 1-0  aics%

[Event "Team 45 45 League T30"]
[Site "Internet Chess Club"]
[Date "2006.04.02"]
[Round "2"]
[White "MPknight"]
[Black "kamu"]
[Result "0-1"]
[WhiteElo "1574"]
[BlackElo "1609"]
[TimeControl "2700+45"]

1. d4 Nf6 2. Nf3 e6 3. c4 c5 4. e3 b6 5. g3 Bb7 6. Bg2 Be7 7. O-O d5 8. cxd5
exd5 9. b3 O-O 10. Bb2 Nc6 11. Nbd2 Ne4 12. Nxe4 dxe4 13. Nd2 cxd4 14. exd4 f5
15. f3 Nxd4 16. fxe4 Bc5 17. Kh1 fxe4 18. Rxf8+ Qxf8 19. Nxe4 Re8 20. Bxd4 Bxe4
21. Bxe4 Rxe4 22. Bxc5 Qxc5 23. Rc1 Qe7 24. Rc8+ Kf7 25. Qf3+ Kg6 26. Rc6+ Re6
27. Qg4+ Kf7 28. Qh5+ Rg6 29. Qd5+ Re6 30. Rxe6 Qxe6 31. Qxe6+ Kxe6 32. Kg2 Kd5
33. Kf3 Kd4 34. Kf4 Kc3 35. Kf5 Kb2 36. Ke6 Kxa2 37. Kf7 Kxb3 38. Kxg7 a5 39.
Kxh7 a4 40. g4 a3 41. g5 a2 42. g6 a1=Q 43. g7 Qb1+ 44. Kh8 Qb2 45. Kh7 Qc2+ 46.
Kh8 Qc3 47. Kh7 Qd3+ 48. Kh8 Qd4 49. Kh7 Qe4+ 50. Kh8 Qh4+ 51. Kg8 Kc4 52. Kf8
Qf6+ 53. Kg8 Kd5 54. h4 Qxh4 55. Kf7 Qh5+ 56. Kf8 Qf5+ 57. Kg8 Qg6 58. Kh8 Qxg7+
59. Kxg7 b5 {White resigns} 0-1  aics%

[Event "Team 45 45 League T30"]
[Site "Internet Chess Club"]
[Date "2006.04.02"]
[Round "2"]
[White "pumba"]
[Black "charles-allen"]
[Result "0-1"]
[WhiteElo "1496"]
[BlackElo "1544"]
[TimeControl "2700+45"]

1. e4 d5 2. exd5 Nf6 3. d4 Bg4 4. Nf3 Qxd5 5. Nc3 Qf5 6. Be2 Nc6 7. h3 Bxf3 8.
Bxf3 O-O-O 9. Bxc6 Qe6+ 10. Be4 Nxe4 11. Be3 Nxc3 12. bxc3 Qf5 13. Qe2 e6 14.
Rb1 Be7 15. O-O Bf6 16. Rxb7 Kxb7 17. Rb1+ Ka8 18. Qa6 Qd5 19. c4 Rd6 20. Qa3
Qxc4 21. d5 Ra6 22. Qc1 exd5 23. Bf4 Rb8 24. Rxb8+ Kxb8 25. Qe3 Qe4 26. Qg3 Qxc2
27. Qf3 Rxa2 28. Bg3 Ra1+ 29. Kh2 Qd1 30. Bxc7+ Kxc7 31. Qf4+ Kc6 {White
resigns} 0-1  aics%

[Event "Team 45 45 League T30"]
[Site "Internet Chess Club"]
[Date "2006.03.31"]
[Round "2"]
[White "BraafPaard"]
[Black "Trixi"]
[Result "1-0"]
[WhiteElo "1500"]
[BlackElo "1434"]
[TimeControl "2700+45"]

1. e4 e5 2. f4 Bc5 3. Nf3 d6 4. h3 Nc6 5. c3 Nf6 6. d3 Bb6 7. fxe5 dxe5 8. Bg5
h6 9. Bh4 Qd6 10. Nbd2 Bd7 11. Nc4 Qe6 12. Nxb6 axb6 13. Bxf6 Qxf6 14. Qd2 Qe6
15. b4 O-O 16. Be2 Ra7 17. b5 Ne7 18. c4 c6 19. Qb4 cxb5 20. cxb5 Ng6 21. a4 Nf4
22. Kf2 Rc8 23. Rhc1 Raa8 24. Nh4 Qf6 25. Nf3 Ne6 26. Rxc8+ Rxc8 27. Qd6 Qd8 28.
Nxe5 Qf6+ 29. Kg1 Nf8 30. Qxf6 gxf6 31. Nc4 Kg7 32. Kf2 f5 33. e5 Be6 34. Nxb6
Rc2 35. Nc4 Bxc4 36. dxc4 Ne6 37. Ke3 f4+ 38. Kd3 Rb2 39. Bf3 Nc5+ 40. Kc3 Rb3+
41. Kd4 Ne6+ 42. Ke4 Re3+ 43. Kf5 Rc3 44. Bxb7 Rxc4 45. Bd5 {Black resigns} 1-0 
aics%

[Event "Team 45 45 League T30"]
[Site "Internet Chess Club"]
[Date "2006.04.03"]
[Round "2"]
[White "burnsja2003"]
[Black "twinders"]
[Result "1-0"]
[WhiteElo "1728"]
[BlackElo "1685"]
[TimeControl "2700+45"]

1. d4 d5 2. c4 c6 3. Nf3 Nf6 4. Nc3 Bg4 5. e3 Nbd7 6. Be2 Bxf3 7. Bxf3 dxc4 8.
O-O e6 9. a4 a5 10. Qc2 Qc7 11. e4 Be7 12. Be3 O-O 13. Rac1 Rac8 14. Bg5 Nb6 15.
Bxf6 Bxf6 16. e5 Bg5 17. Rcd1 Rfd8 18. Qe4 Nd5 19. Be2 Nxc3 20. bxc3 b5 21. f4
Be7 22. Rb1 Rb8 23. Bd1 Rb6 24. Bc2 g6 25. g4 Rdb8 26. f5 exf5 27. gxf5 Re8 28.
fxg6 fxg6 29. Qg4 c5 30. Rxb5 Rxb5 31. Qe6+ Kh8 32. axb5 cxd4 33. cxd4 c3 34.
Rf7 Qd8 35. Rxh7+ Kxh7 36. Qxg6+ Kh8 37. Qh6+ Kg8 38. Bh7+ Kf7 39. Qg6+ {Black
resigns} 1-0  aics%

[Event "Team 45 45 League T30"]
[Site "Internet Chess Club"]
[Date "2006.04.03"]
[Round "2"]
[White "Aquaman"]
[Black "Smart"]
[Result "1/2-1/2"]
[WhiteElo "1579"]
[BlackElo "1576"]
[TimeControl "2700+45"]

1. d4 d6 2. c4 e5 3. dxe5 dxe5 4. Qxd8+ Kxd8 5. Nc3 Be6 6. b3 c6 7. Nf3 f6 8. e4
Nd7 9. Be3 Bb4 10. Rc1 Kc7 11. Be2 g5 12. O-O h5 13. Ne1 h4 14. h3 Ne7 15. Nd3
Bxc3 16. Rxc3 b6 17. Kh2 Rag8 18. c5 b5 19. a3 Ng6 20. b4 Nf4 21. Bxf4 exf4 22.
Ne1 Ne5 23. Nf3 g4 24. Nxe5 g3+ 25. Kg1 gxf2+ 26. Kxf2 fxe5 27. Bf3 Rd8 28. Kg1
Rd2 29. Rf2 Rhd8 30. Rxd2 Rxd2 31. Kf1 Bc4+ 32. Ke1 Rd3 {Game drawn by mutual
agreement} 1/2-1/2  aics%

[Event "Team 45 45 League T30"]
[Site "Internet Chess Club"]
[Date "2006.04.01"]
[Round "2"]
[White "QuaqQuao"]
[Black "Kingsindanger"]
[Result "1/2-1/2"]
[WhiteElo "1555"]
[BlackElo "1401"]
[TimeControl "2700+45"]

1. Nf3 d5 2. g3 Nf6 3. Bg2 Bf5 4. c4 c6 5. Qb3 Qb6 6. Qxb6 axb6 7. cxd5 cxd5 8.
Nc3 e6 9. O-O Nc6 10. d3 Bc5 11. Nb5 O-O 12. d4 Be7 13. Bf4 h6 14. Rfc1 Rfc8 15.
Nd6 Bxd6 16. Bxd6 Ne4 17. Be5 Nxe5 18. Rxc8+ Rxc8 19. Nxe5 Rc2 20. g4 Bh7 21.
Bxe4 Bxe4 22. e3 Rxb2 23. Kf1 Bb1 24. a4 Ba2 25. Rc1 Rb1 26. Rxb1 Bxb1 27. Ke2
Bc2 28. Nd7 Bxa4 29. Nxb6 Bb5+ 30. Kd2 Kf8 31. Kc3 Ke8 32. Kb4 Be2 33. h3 Bf1
34. h4 Ke7 35. Kc5 f5 36. gxf5 exf5 37. Nxd5+ Kd7 38. Kb6 g5 39. hxg5 hxg5 40.
Nf6+ Kc8 41. d5 Be2 42. d6 f4 43. e4 g4 44. e5 g3 45. e6 gxf2 46. e7 Bb5 47.
Kxb5 f1=Q+ 48. Kc5 Qf2+ 49. Kd5 Qf3+ 50. Ke5 Qe3+ 51. Kf5 Qc5+ 52. Ke6 Qe3+ 53.
Kf5 Qc5+ 54. Ke6 Qc4+ 55. Kf5 Qd3+ 56. Ke6 Qc4+ 57. Kf5 Qc5+ 58. Ke6 {Game drawn
by repetition} 1/2-1/2  aics%

[Event "Team 45 45 League T30"]
[Site "Internet Chess Club"]
[Date "2006.04.01"]
[Round "2"]
[White "PawnSensei"]
[Black "Creecher"]
[Result "1-0"]
[WhiteElo "1390"]
[BlackElo "1575"]
[TimeControl "2700+45"]

1. e4 c5 2. Nf3 d6 3. d4 cxd4 4. Nxd4 Nf6 5. Nc3 a6 6. Bg5 e6 7. Be2 Be7 8. O-O
Qc7 9. Qd2 Nc6 10. f4 Nxd4 11. Qxd4 d5 12. Kh1 Bc5 13. Qd3 dxe4 14. Nxe4 Nxe4
15. Qxe4 h6 16. Bh4 O-O 17. Bd3 f5 18. Qe2 Bd4 19. c3 Bf6 20. Bxf6 Rxf6 21. Rad1
Bd7 22. Bc2 Bb5 23. Qe5 Qxe5 24. fxe5 Bxf1 25. exf6 Bc4 26. fxg7 Bb5 27. a4 Bc6
28. Bb3 Re8 29. Rd6 Kxg7 30. Rxe6 Rxe6 31. Bxe6 Kf6 32. Bb3 Ke5 33. Bc2 Be4 34.
Bxe4 fxe4 35. Kg1 e3 36. Kf1 Ke4 37. Ke2 b6 38. g3 b5 39. axb5 axb5 40. b3 h5
41. h3 b4 42. cxb4 Kd4 43. b5 Kc5 44. Kxe3 Kxb5 45. g4 hxg4 46. hxg4 {Black
resigns} 1-0  aics%

[Event "Team 45 45 League T30"]
[Site "Internet Chess Club"]
[Date "2006.04.02"]
[Round "2"]
[White "parrot9"]
[Black "Wheels"]
[Result "1-0"]
[WhiteElo "1767"]
[BlackElo "1557"]
[TimeControl "2700+45"]

1. e4 e5 2. Nf3 Nc6 3. Bb5 a6 4. Ba4 Nf6 5. O-O b5 6. Bb3 Be7 7. Re1 O-O 8. a4
d6 9. h3 Bb7 10. c3 Qd7 11. d4 exd4 12. cxd4 Na7 13. Bc2 Rfe8 14. Bg5 h6 15. Bh4
Bd8 16. Nbd2 Nh7 17. Bg3 Ng5 18. e5 dxe5 19. Bxe5 f6 20. Bg3 Rxe1+ 21. Qxe1 Bxf3
22. Nxf3 Nxf3+ 23. gxf3 Kf8 24. Qe4 Qc6 25. Qh7 Qe6 26. d5 Qg8 27. Qe4 bxa4 28.
Bxa4 Nc8 29. Qe8# {Black checkmated} 1-0  aics%

[Event "Team 45 45 League T30"]
[Site "Internet Chess Club"]
[Date "2006.04.02"]
[Round "2"]
[White "GoIrish"]
[Black "Mikey29a"]
[Result "0-1"]
[WhiteElo "1619"]
[BlackElo "1676"]
[TimeControl "2700+45"]

1. Nf3 Nf6 2. g3 g6 3. Bg2 Bg7 4. O-O O-O 5. d3 d6 6. e4 e5 7. Nc3 h6 8. h3 Nfd7
9. Nh4 Kh7 10. f4 exf4 11. Bxf4 g5 12. Nf5 gxf4 13. Rxf4 Ne5 14. Nxg7 Kxg7 15.
Nd5 Ng6 16. Rf2 c6 17. Nf6 Nd7 18. Nh5+ Kh7 19. Qd2 Qg5 20. Nf6+ Nxf6 21. Qxg5
hxg5 22. Rxf6 Be6 23. Raf1 Kg7 24. R6f2 Rh8 25. a3 Raf8 26. Kh2 g4 27. h4 Rh5
28. b4 f5 29. exf5 Rhxf5 30. Kg1 Rxf2 31. Rxf2 Rxf2 32. Kxf2 Kf6 33. Ke3 Ke5 34.
d4+ Kf6 35. h5 Ne7 36. b5 Kg5 37. h6 Kxh6 38. Kf4 Kh5 39. bxc6 bxc6 40. a4 Ng6+
41. Ke3 Bd5 42. Bxd5 cxd5 43. Kd3 Ne7 44. c4 dxc4+ 45. Kxc4 Nf5 46. Kd5 Nxg3 47.
Kxd6 Ne4+ 48. Ke5 g3 49. d5 g2 {White resigns} 0-1  aics%

[Event "Team 45 45 League T30"]
[Site "Internet Chess Club"]
[Date "2006.04.03"]
[Round "2"]
[White "twintower"]
[Black "fredd"]
[Result "1-0"]
[WhiteElo "1585"]
[BlackElo "1596"]
[TimeControl "2700+45"]

1. e4 e5 2. Nf3 Nc6 3. Bc4 Nf6 4. O-O Bc5 5. b4 Bxb4 6. c3 Be7 7. d4 d6 8. dxe5
Nxe5 9. Nxe5 dxe5 10. Qb3 O-O 11. Rd1 Bd6 12. Bg5 h6 13. Bh4 g5 14. Bg3 Qe7 15.
Nd2 a6 16. a4 Rb8 17. a5 Re8 18. Qc2 Nh5 19. Nf1 Be6 20. Be2 Nf6 21. Ne3 Nd7 22.
Bg4 Nc5 23. Bxe6 Qxe6 24. Nf5 Kh7 25. Qe2 Qg6 26. Rd5 h5 27. Rad1 Na4 28. R1d3
h4 29. Rxd6 f6 30. Rd7+ Kh8 31. Rg7 Qxg7 32. Nxg7 Kxg7 33. Rd7+ Kg6 34. Qg4 Rh8
35. Qf5+ Kh5 36. Bxh4 Rbd8 37. Rh7+ Rxh7 38. Qxh7+ Kg4 39. h3+ Kf4 {Black
resigns} 1-0  aics%

[Event "Team 45 45 League T30"]
[Site "Internet Chess Club"]
[Date "2006.04.01"]
[Round "2"]
[White "Zyme"]
[Black "boozehound"]
[Result "0-1"]
[WhiteElo "1490"]
[BlackElo "1591"]
[TimeControl "2700+45"]

1. d4 Nf6 2. c4 c5 3. d5 e6 4. Nc3 exd5 5. cxd5 d6 6. Nf3 g6 7. Bf4 a6 8. e4 Bg7
9. Qa4+ Nfd7 10. Nb5 O-O 11. Bxd6 Nb6 12. Bc7 Nxa4 13. Bxd8 Rxd8 14. Nc7 Ra7 15.
e5 b6 16. d6 Be6 17. Nxe6 fxe6 18. Bc4 Re8 19. Rb1 b5 20. Bb3 Nd7 21. O-O c4 22.
Bxa4 bxa4 23. Rfe1 Rc8 24. Re4 Rb7 25. a3 c3 26. b4 axb3 27. Rb4 Rxb4 28. axb4
c2 {White resigns} 0-1  aics%

[Event "Team 45 45 League T30"]
[Site "Internet Chess Club"]
[Date "2006.04.02"]
[Round "2"]
[White "Chessnut"]
[Black "smitty120"]
[Result "1-0"]
[WhiteElo "1924"]
[BlackElo "1696"]
[TimeControl "2700+45"]

1. e4 e5 2. Nf3 Nc6 3. Bb5 a6 4. Ba4 Nf6 5. O-O Be7 6. Re1 b5 7. Bb3 O-O 8. c3
d5 9. exd5 Nxd5 10. Nxe5 Nxe5 11. Rxe5 c6 12. d4 Bd6 13. Re1 Qh4 14. g3 Qh3 15.
Be3 Re8 16. Qd3 Bf5 17. Qf1 Qg4 18. Nd2 h5 19. a4 h4 20. Bxd5 cxd5 21. axb5 hxg3
22. fxg3 Bxg3 23. hxg3 Qxg3+ 24. Qg2 Rxe3 25. Qxg3 Rxg3+ 26. Kf2 Rd3 27. Nb3 Rh3
28. Kg2 Rh6 29. Nc5 Rg6+ 30. Kf2 a5 31. Re5 Be6 32. b6 Rb8 33. b7 Rh6 34. b4
Rh2+ 35. Ke3 Rh3+ 36. Kd2 Bg4 37. bxa5 Rh2+ 38. Ke3 f6 39. Rxd5 Re8+ 40. Kf4 Rh4
41. Kg3 g5 42. Rb1 Re3+ 43. Kf2 Rf3+ 44. Kg2 {Black resigns} 1-0  aics%

[Event "Team 45 45 League T30"]
[Site "Internet Chess Club"]
[Date "2006.03.29"]
[Round "2"]
[White "MrLee"]
[Black "RingLord"]
[Result "1-0"]
[WhiteElo "1782"]
[BlackElo "1645"]
[TimeControl "2700+45"]

1. Nf3 Nf6 2. c4 e6 3. Nc3 c5 4. g3 Be7 5. Bg2 Na6 6. d3 O-O 7. O-O Nc7 8. e4 d6
9. Re1 e5 10. a3 a6 11. b4 b6 12. bxc5 bxc5 13. Rb1 Bg4 14. h3 Bd7 15. Re2 Qc8
16. Kh2 Bc6 17. Reb2 Qd7 18. Rb6 Rfc8 19. Be3 Ne6 20. Nd5 Bd8 21. R6b2 Qe8 22.
Nb6 Bxb6 23. Rxb6 Nd7 24. R6b2 Rab8 25. Bd2 Rxb2 26. Rxb2 Rb8 27. Qc1 Rxb2 28.
Qxb2 Qb8 29. Qxb8+ Nxb8 30. Ng5 Nd4 31. Ba5 f6 32. Bc7 Nd7 33. Nf3 Nc2 34. Bxd6
Nxa3 35. h4 a5 36. Bh3 Nc2 37. Be6+ Kh8 38. Bxd7 Bxd7 39. Bxc5 a4 40. Nd2 a3 41.
Bxa3 Nxa3 42. f4 exf4 43. gxf4 Nc2 44. Nf3 Bg4 45. Kg3 h5 46. c5 Nb4 47. d4 Kg8
48. d5 Kf8 49. c6 Ke8 50. f5 Kd8 51. Nd4 Na6 52. Ne6+ Kc8 53. Kf4 Nc7 54. Nxg7
Kd8 55. d6 Be2 56. Ne6+ Nxe6+ 57. fxe6 Ba6 58. Kf5 Bb5 59. c7+ Kc8 60. Kxf6 Bc6
61. Ke7 Ba4 62. d7+ {Black resigns} 1-0  aics%

[Event "Team 45 45 League T30"]
[Site "Internet Chess Club"]
[Date "2006.03.31"]
[Round "2"]
[White "jacknor"]
[Black "BorgCollective"]
[Result "0-1"]
[WhiteElo "1528"]
[BlackElo "1765"]
[TimeControl "2700+45"]

1. d4 e6 2. Nf3 f5 3. Bf4 Nf6 4. e3 Bb4+ 5. c3 Be7 6. h3 O-O 7. Nbd2 d6 8. Bc4
Nc6 9. Qe2 a6 10. a3 b5 11. Bb3 Na5 12. Bc2 Bb7 13. O-O Bd5 14. b3 Qe8 15. c4
bxc4 16. bxc4 Bb7 17. Bh2 Qg6 18. e4 Nxe4 19. Nxe4 fxe4 20. Ne1 d5 21. cxd5 exd5
22. Bxc7 Nc4 23. a4 Rac8 24. Bh2 Bb4 25. f3 Bc3 26. Kh1 Bxa1 27. fxe4 Rxf1+ 28.
Qxf1 Ne3 {White resigns} 0-1  aics%

[Event "Team 45 45 League T30"]
[Site "Internet Chess Club"]
[Date "2006.04.02"]
[Round "2"]
[White "burgers"]
[Black "EyeAm"]
[Result "1/2-1/2"]
[WhiteElo "1611"]
[BlackElo "1278"]
[TimeControl "2700+45"]

1. d4 f5 2. g3 Nf6 3. Bg2 d5 4. Nf3 g6 5. O-O Bg7 6. c4 c6 7. cxd5 cxd5 8. Nc3
O-O 9. Qb3 e6 10. Bf4 Nc6 11. Be5 Nxe5 12. Nxe5 Ne4 13. f4 Nd2 14. Qb5 Nxf1 15.
Bxf1 Bxe5 16. dxe5 Qb6+ 17. Qxb6 axb6 18. Nb5 Bd7 19. Nd6 Rab8 20. Rc1 b5 21. a3
b6 22. Rc7 Rfd8 23. e3 Kf8 24. Bxb5 Bxb5 25. Nxb5 Rbc8 26. Rxh7 Rc1+ 27. Kg2
Rc2+ 28. Kf3 Rxb2 29. Rh8+ Ke7 30. Rh7+ Kf8 31. Rh8+ Ke7 32. Rh7+ Kf8 33. Rh8+
Ke7 34. Rh7+ Kf8 35. Rh8+ {Game drawn by repetition} 1/2-1/2  aics% 
Cignida(71): buena matización carles :-) aics%

[Event "Team 45 45 League T30"]
[Site "Internet Chess Club"]
[Date "2006.04.04"]
[Round "2"]
[White "Loco-Motif"]
[Black "fledermaus"]
[Result "0-1"]
[WhiteElo "1918"]
[BlackElo "2082"]
[TimeControl "2700+45"]

1. d4 d5 2. c4 e6 3. Nf3 Nf6 4. Bg5 Nbd7 5. e3 c6 6. Nc3 Qa5 7. Bxf6 Nxf6 8. Nd2
Bd6 9. Bd3 O-O 10. g4 e5 11. g5 Nd7 12. Nb3 Qd8 13. h4 exd4 14. Nxd4 Ne5 15.
cxd5 Bg4 16. Be2 Bxe2 17. Qxe2 cxd5 18. O-O-O Bb4 19. Kb1 Bxc3 20. bxc3 Rc8 21.
Rc1 a6 22. Ka1 Qa5 23. Nb3 Qa3 24. Rhd1 Rfd8 25. Qb2 Qe7 26. Qe2 Rc4 27. f4 Nc6
28. Nd4 Re8 29. Nf5 Qe6 30. Qd3 Rc5 31. Re1 Na5 32. Nxg7 Kxg7 33. Qd4+ Kg8 34.
Qxc5 Nc4 35. Rcd1 Nxe3 36. Rxe3 Qxe3 37. Qxe3 Rxe3 38. Rxd5 Rxc3 39. h5 h6 40.
gxh6 Rc6 41. Rg5+ Kh8 42. Rg7 Rf6 43. Kb2 Rxf4 44. Kc3 b5 45. a3 a5 46. Rg5 b4+
47. axb4 axb4+ 48. Kb3 Kh7 49. Rb5 Kxh6 50. Kc2 f5 51. Kd2 Kxh5 52. Ke3 Kg4 53.
Rb8 Re4+ 54. Kf2 Kf4 55. Rb7 Ke5 56. Rb5+ Kf4 57. Rb7 Rc4 58. Rb5 Ke4 59. Rb8
Kd3 60. Rd8+ Kc2 61. Ke2 Re4+ 62. Kf3 b3 63. Rc8+ Kb1 64. Rc5 b2 65. Rxf5 Rb4
66. Ke3 Ka2 67. Rf2 Ka1 68. Kd2 b1=Q {White forfeits on time} 0-1  aics%

[Event "Team 45 45 League T30"]
[Site "Internet Chess Club"]
[Date "2006.04.02"]
[Round "2"]
[White "Winclick"]
[Black "gule"]
[Result "0-1"]
[WhiteElo "1753"]
[BlackElo "1902"]
[TimeControl "2700+45"]

1. d4 Nf6 2. c4 e5 3. dxe5 Ng4 4. Nf3 Bc5 5. e3 Nc6 6. Be2 Ngxe5 7. O-O Nxf3+ 8.
Bxf3 Ne5 9. Be2 d6 10. Bd2 Qh4 11. b4 Bb6 12. Qc2 c6 13. Bc3 Bc7 14. Nd2 O-O 15.
Rad1 f5 16. Bxe5 dxe5 17. Nf3 Qh6 18. g3 f4 19. exf4 exf4 20. c5 Be6 21. Bc4
fxg3 22. Bxe6+ Qxe6 23. Ng5 gxh2+ 24. Kh1 Qh6 25. Qc4+ Kh8 26. Nf7+ Rxf7 27.
Qxf7 Be5 28. f4 Bc3 29. a3 b6 30. Rd3 Bf6 31. Re3 Qg6 32. Qxg6 hxg6 33. Kxh2
bxc5 34. bxc5 Bd4 35. Re6 Bxc5 36. a4 Rc8 37. Kg3 Bb4 38. Rxg6 c5 39. Rd1 Rc7
40. Kf3 c4 41. Rd8+ Kh7 42. Rg2 g6 43. Rd5 c3 44. Rc2 a5 45. Ke4 Kg7 46. Kd3 Kf6
47. Rg2 Re7 48. Rc2 Re1 49. Kc4 Re4+ 50. Kd3 Rxf4 51. Rb5 g5 52. Rb6+ Kf5 53.
Rb5+ Kg4 54. Rg2+ Kf3 55. Rbxg5 Rf7 56. R5g3+ Kf4 57. Rg4+ Ke5 58. Re4+ Kd6 59.
Rg6+ Kc7 60. Rc4+ Kb7 61. Rxc3 Rf3+ 62. Kd2 Rxc3 63. Kd1 Ra3 {White resigns} 0-1
 aics% 



boozehound(340): fair enuf
aics%

[Event "ICC 45 45"]
[Site "Internet Chess Club"]
[Date "2006.04.03"]
[Round "2"]
[White "Budzo"]
[Black "Sean"]
[Result "1-0"]
[WhiteElo "1757"]
[BlackElo "1570"]
[TimeControl "2700+45"]

1. Nf3 Nf6 2. c4 g6 3. d4 Bg7 4. Nc3 O-O 5. e4 d6 6. Be2 e5 7. O-O Nc6 8. d5 Ne7
9. Bd2 h6 10. b4 b6 11. Qb3 Nd7 12. a4 f5 13. a5 Rb8 14. axb6 axb6 15. Ra7 Bb7
16. Bd3 f4 17. Qa2 g5 18. Ra1 Bf6 19. Ra3 g4 20. Ne1 Bg5 21. Na4 Ng6 22. c5 bxc5
23. bxc5 Nxc5 24. Nxc5 dxc5 25. Qc4 Kh7 26. Ra7 Ra8 27. Rxa8 Bxa8 28. Qxc5 Be7
29. Qc2 Bd6 30. Bb5 Bb7 31. Bc6 Bxc6 32. Qxc6 Qe8 33. Qc4 Qd8 34. Nd3 h5 35. Ra7
Qb8 36. Ra1 h4 37. Nb4 Qd8 38. Rc1 g3 39. fxg3 fxg3 40. h3 Rf2 41. Be3 Rf7 42.
Nc6 Qf8 43. Rf1 Rxf1+ 44. Qxf1 Qxf1+ 45. Kxf1 Kg7 46. Ke2 Kf6 47. Kf3 Nf4 48.
Bxf4 exf4 49. Nd8 Ke5 50. Ne6 Kf6 51. Nxf4 Kg5 52. Ne6+ Kf6 53. Nd4 Kg5 54. Nc6
Ba3 55. e5 Kf5 56. e6 Kf6 57. Kg4 Bd6 58. Kxh4 Bf4 59. Kg4 Bd6 60. Kf3 Kg7 61.
Ke4 Kf6 62. h4 Kg7 63. Kf5 Kf8 64. Kf6 Bf4 65. h5 Bh6 66. Kg6 Bg7 67. h6 Bb2 68.
h7 Ke8 69. e7 Bh8 70. Kf5 Kd7 71. Kf4 Ke8 72. Kxg3 Bb2 73. Kg4 Bh8 74. Kf5 Bb2
75. g4 Bh8 76. g5 Kf7 77. g6+ Kg7 78. Ke6 Kxg6 79. e8=Q+ Kxh7 80. Qf7+ Bg7 81.
Ne7 c6 82. Qh5+ Bh6 83. Qg6+ Kh8 84. Qg8# {Black checkmated} 1-0  aics%